 Dungeon Crawl Stone Soup version 0.30-a0-779-g7971cf19c3 (webtiles) character file.

Game seed: 8180769520056449991

298058 demibob the Minotaur Blade (level 20, -5/203 HPs)
             Began as a Minotaur Berserker on Feb 17, 2023.
             Was the Champion of Trog.
             Slain by a merfolk
             ... wielding a +2 trident of protection
             ... led by Ilsuiw
              (16 damage)
             ... on level 3 of the Shoals on Feb 18, 2023.
             The game lasted 01:30:05 (41177 turns).

demibob the Minotaur Blade (Minotaur Berserker)    Turns: 41177, Time: 01:30:06

Health: -5/203     AC: 33    Str: 24    XL:     20   Next: 45%
Magic:  19/19      EV: 19    Int:  6    God:    Trog [******]
Gold:   3033       SH:  5    Dex: 15    Spells: 19/19 levels left

rFire   + + .      SeeInvis .    a - +5 triple sword (spect)
rCold   . . .      Faith    .    (shield currently unavailable)
rNeg    . . .      Spirit   .    K - +8 fire dragon scales
rPois   .          Reflect  +    (helmet unavailable)
rElec   .          Harm     .    p - +2 cloak
rCorr   .          Rampage  +    Q - +1 pair of gloves
Will    +++..                    H - +2 pair of boots {rampage}
Stlth   +                        L - amulet of reflection
HPRegen 1.53/turn                Y - +4 ring of slaying
MPRegen 0.16/turn                c - ring of protection from cold

@: strong-willed, mesmerised, regenerating, very slow
A: horns 3, retaliatory headbutt, thin skeletal structure 1, dopey 1
}: 1/15 runes: serpentine
a: Renounce Religion, Berserk, Trog's Hand, Brothers in Arms


You were on level 3 of the Shoals.
You worshipped Trog.
Trog was exalted by your worship.
You visited 6 branches of the dungeon, and saw 33 of its levels.
You visited the Abyss 2 times.
You also visited: Ice Cave, Volcano and Wizlab.

You collected 4148 gold pieces.
You spent 1115 gold pieces at shops.


Innate Abilities, Weirdness & Mutations

You have a pair of large horns on your head.
You reflexively headbutt those who attack you in melee.
You have a somewhat thin skeletal structure. (Dex +2, Stealth+)
You are dopey. (Int -2)


   Skills:
 + Level 23.1 Fighting
 - Level 24.1 Long Blades
 + Level 19.2 Armour
 - Level 18.8 Dodging
 + Level 9.8 Evocations


You had 19 spell levels left.
You didn't know any spells.
Your spell library was empty.

Inventory:

Hand Weapons
 a - a +5 spectral triple sword (weapon)
 m - the +7 demon blade "Xoddinio" {flame, rPois rN+ Int-2}
   (Trog gifted it to you on level 11 of the Dungeon)

   Int:       It affects your intelligence (-2).
   rPois:     It protects you from poison.
   rN:        It protects you from negative energy.
 B - the +8 falchion "Bung" {flame, rCorr Dex+5}
   (You found it on level 7 of the Dungeon)

   Dex:       It affects your dexterity (+5).
   rCorr:     It protects you from acid and corrosion.
Missiles
 o - 2 throwing nets {=f}
Armour
 p - a +2 cloak (worn)
 H - a +2 pair of boots of rampaging (worn)
 K - +8 fire dragon scales (worn)
 Q - a +1 pair of gloves (worn)
Jewellery
 c - a ring of protection from cold (right hand)
 j - the ring of Huitsawn {rElec rPois}
   (You found it on level 5 of the Lair of Beasts)

   [ring of poison resistance]

   rElec:     It insulates you from electricity.
   rPois:     It protects you from poison.
 l - a ring of ice
 v - a ring of see invisible
 w - an amulet of guardian spirit
 y - the ring "Ygocsigg" {rPois rF+ rCorr Dex+3}
   (You acquired it on level 7 of the Dungeon)

   [ring of poison resistance]

   Dex:       It affects your dexterity (+3).
   rF:        It protects you from fire.
   rPois:     It protects you from poison.
   rCorr:     It protects you from acid and corrosion.
 C - a ring of protection from cold
 F - a ring of fire
 J - the ring "Etos" {Will- Str+6 Dex+6 Slay+3}
   (You found it in an ice cave)

   [ring of strength]

   Str:       It affects your strength (+6).
   Dex:       It affects your dexterity (+6).
   Slay:      It affects your accuracy & damage with ranged weapons and melee
   (+3).
   Will:      It decreases your willpower.
 L - an amulet of reflection (around neck)
 N - a ring of positive energy
 O - an amulet of faith {!P}
 P - a ring of poison resistance
 Y - a +4 ring of slaying (left hand)
Wands
 b - a wand of quicksilver (16)
 d - a wand of digging (7)
 i - a wand of polymorph (8)
 q - a wand of roots (51)
 z - a wand of charming (19)
 A - a wand of mindburst (8)
 M - a wand of flame (66)
Scrolls
 e - 13 scrolls of identify {@r1}
 r - 3 scrolls of blinking
 s - 4 scrolls of magic mapping
 x - 2 scrolls of torment
 I - 6 scrolls of teleportation {@r2}
 U - 2 scrolls of enchant armour
Potions
 g - 4 potions of mutation
 h - 2 potions of curing {@q1}
 k - 2 potions of berserk rage {!q}
 n - 4 potions of invisibility
 t - a potion of brilliance
 u - 6 potions of flight
 D - 4 potions of haste {@q3}
 G - 7 potions of might
 R - a potion of cancellation
 T - 2 potions of ambrosia
Miscellaneous
 E - a phantom mirror

Dungeon Overview and Level Annotations

Branches:
Dungeon (15/15)            Temple (0/1) D:6            Lair (5/5) D:11
 Shoals (3/4) Lair:3        Snake (4/4) Lair:2        Slime (0/5) Lair:5
    Orc (2/2) D:10            Elf (0/3) Orc:2        Vaults (4/5) D:14
  Crypt (0/3) Vaults:3     Depths (0/4) D:15          IceCv (visited)
Volcano (visited)          WizLab (visited)

Altars:
Ashenzari
Cheibriados
Fedhas
Kikubaaqudgha
Makhleb
Okawaru
Ru
Uskayaw
Vehumet
Wu Jian
Xom
Zin
Jiyva
Lugonu

Shops:
D:2 (   D:5 *   D:10 (   D:12 ?*   D:13 [   Orc:1 *   Orc:2 ?:=!(   Vaults:1 *
Vaults:3 [:*

Portals:
Abyss: Lair:5

Annotations:
D:4 2 transporters, Dodorex895's ghost, amateur HOFi
D:14 1 transporter, olddryhag's ghost, journeyman DsGl
D:15 bigduke15's ghost, adept TeCj
Lair:4 exclusion: oklob plant
Snake:3 2 transporters, exclusion: obsidian statue

.~~~~~~~~.~~~~~
..~~~~~~~~~~~~~
..~~~~~~~~~~.~~
..~~~~~~~~~~..~
..~~~~~~~~~....
...~.~~~~.!....
~$.#..§mm## ~
~~....T§§m#..~~
~~~~~m§@§m.~(~~
~~~~~§§§§m.~~~~
~~~~~§§§mm.~~~~
~~~~~~~~~...~~~
~~~~~~~~.....~~
≈~~~~~~......~~
~~~~~~~~.###..~
~~~~~~~~.# ..~


You could see a merfolk impaler, 6 merfolk, a merfolk siren (mesmerising) and a
friendly iron troll (summoned, berserk).


Message History

The merfolk impaler hits you but does no damage.
You writhe in agony.
* * * LOW HITPOINT WARNING * * *
Use which ability? (? or * to list)
Your skin crawls.
You feel strong-willed. The harpy closely misses you.
The harpy claws you but does no damage.
The merfolk throws a boomerang.
You reflect the boomerang off an invisible shield around you!
The boomerang hits the harpy!!
You kill the harpy!
Trog accepts your kill.
The merfolk throws a boomerang.
The boomerang hits you but does no damage.
The merfolk hits you but does no damage.
The merfolk misses you.
The merfolk hits you but does no damage.
The merfolk siren chants its luring song.
The merfolk impaler barely misses you. The merfolk misses you.
Your iron troll bites the merfolk!!
Your iron troll closely misses the merfolk.
Your iron troll claws the merfolk!
You feel better.
The merfolk throws a boomerang.
You reflect the boomerang off an invisible shield around you!
The boomerang closely misses the merfolk.
The merfolk impaler misses you.
The merfolk hits you from afar with a +0 spear!
* * * LOW HITPOINT WARNING * * *
The merfolk hits you from afar with a +2 trident of protection!
You die...

Skill      XL: |  1  2  3  4  5  6  7  8  9 10 11 12 13 14 15 16 17 18 19 20 |
---------------+-------------------------------------------------------------+-----
Long Blades    | 4 5 6 7 8 9 11 12 14 15 17 18 19 21 23 24 | 24.1
Fighting       | 5 8 10 12 14 16 17 18 20 22 23 | 23.1
Armour         | 5 7 10 12 14 16 17 18 19 | 19.2
Dodging        | 4 9 12 15 18 | 18.8
Evocations     | 1 6 8 9 |  9.8

Action                     |  1- 3 |  4- 6 |  7- 9 | 10-12 | 13-15 | 16-18 | 19-21 || total
---------------------------+-------+-------+-------+-------+-------+-------+-------++-------
  Melee: Falchion          |   103 |   170 |   339 |   190 |       |       |       ||   802
         Headbutt          |    15 |    20 |    73 |    92 |   256 |   370 |   182 ||  1008
         Punch             |       |     1 |     3 |     6 |    17 |    20 |       ||    47
         Demon blade       |       |       |       |   308 |  1023 |  1034 |       ||  2365
         Triple sword      |       |       |       |       |       |   223 |   598 ||   821
 Invoke: Berserk           |       |     6 |     7 |     3 |     6 |     1 |     1 ||    24
         Brothers in Arms  |       |       |     1 |       |     7 |     6 |     3 ||    17
         Trog's Hand       |       |       |       |     1 |     6 |     9 |     5 ||    21
  Evoke: Wand              |       |       |       |     1 |     6 |     2 |     1 ||    10
         Phantom mirror    |       |       |       |       |     1 |     2 |       ||     3
    Use: Potion            |     1 |     6 |       |     2 |    10 |    14 |     2 ||    35
         Scroll            |       |     6 |     8 |     4 |    12 |    19 |     1 ||    50
   Stab: Sleeping          |       |     1 |     7 |     3 |     5 |       |       ||    16
         Distracted        |       |       |       |     2 |     5 |       |     6 ||    13
 Armour: Animal skin       |    16 |    22 |     3 |       |       |       |       ||    41
         Skin              |       |    11 |       |       |       |       |       ||    11
         Ring mail         |       |       |    78 |   100 |   162 |       |       ||   340
         Fire dragon scale |       |       |       |       |   267 |   459 |   240 ||   966
  Dodge: Dodged            |    74 |    66 |   128 |   174 |   382 |   590 |   355 ||  1769
  Block: Other             |       |       |       |       |    29 |   162 |    85 ||   276
         Reflection        |       |       |       |       |       |    14 |     9 ||    23

Levels and vault maps discovered:
D:1:      spicycebolla_green_bress_n_ham_2, layout_rooms, minmay_tetromino_l2
D:2:      layout_basic, serial_shops, shop, basic_ecumenical_altar,
          uniq_crazy_yiuf_cottage
D:3:      layout_loops_ring, mainiacjoe_overflow_alcove_4,
          nicolae_ru_sacrificial_ziggurat, dancing_weapons_uskayaw,
          ebering_ghost_disaster_area, palyth_stone_intersect, minmay_bisected,
          uniq_ijyb
D:4:      layout_basic, slow_altar_1, mainiacjoe_overflow_small_starburst,
          gammafunk_ghost_arena, dreamdust_princess_bridge
D:5:      minmay_bubble_buster, layout_loops_corners, lemuel_doored_altar,
          nicolae_alphabet_shops, uniq_edmund
D:6:      layout_gridville, minmay_temple_entry_waves
D:7:      layout_gridville, nicolae_overflow_squiral, due_unseen_surprise
D:8:      layout_cave_pools
D:9:      layout_long_grid, mainiacjoe_overflow_cross_hatched,
          grunt_ministairs_9, roderic_filled_cross, chequers_jeans
D:10:     layout_rooms, hiddenorc2_lemuel, serial_shops, shop
D:11:     minmay_sliced_demisemicircle, layout_basic, david_lair_generic,
          grunt_decor_junction, lemuel_flamethrower_1
D:12:     layout_roguey, serial_shops, shop, guppyfry_shop_earth, uniq_sonja
D:13:     layout_cross, serial_shops, shop, kennysheep_kite_vault
D:14:     layout_roguey, david_vaults_5, ashenzari_altar_1,
          gammafunk_ghost_stat_death, portal_ice_cave_entry_ice_statue_one
D:15:     hangedman_depths_entry_civil_slaughter, layout_small_grid,
          gammafunk_ghost_icy, serial_bayou_ford_a, eino_curves_03,
          hangedman_abyss_or_decor_passed, kennysheep_okawaru_gauntlet
Lair:1:   layout_concentric_octagons, st_stairs_12, grunt_megastairs_3,
          lemuel_fruit_tree
Lair:2:   layout_cave_pods, nicolae_snake_entry_squirm, basic_altar,
          kennysheep_abandoned_house, infiniplex_staircase_pool_2,
          serial_bayou_shore_b, lemuel_fruit_fields, uniq_gastronok,
          uniq_prince_ribbit2
Lair:3:   gammafunk_boulding_lane, layout_loops_ring,
          nicolae_shoals_entry_roost, minmay_holes
Lair:4:   layout_gridlike
Lair:5:   hellmonk_lair_end_abyssal_woods, layout_loops_ring, slime_entry_1,
          gammafunk_ghost_grave, lemuel_fruit_fields
Shoals:1: layout_shoals, uniq_frances
Shoals:2: layout_shoals, nicolae_shoals_square_sea_wall,
          nicolae_shoals_pincushion_passage
Shoals:3: layout_shoals, uniq_ilsuiw
Snake:1:  layout_grid_shapes, guppyfry_snake_island, serial_bayou_shore_a,
          grunt_megastairs_2
Snake:2:  layout_onion_interference, uniq_donald, uniq_aizul, uniq_agnes
Snake:3:  gammafunk_sealed_arena, layout_layer_cave, grunt_megastairs_4,
          serial_bayou_shore_b
Snake:4:  grunt_snake_rune_pools, layout_cave_town, serial_bayou,
          serial_bayou_pond_e, serial_bayou_pond_d, serial_bayou_pond_d,
          serial_bayou_crossing
Orc:1:    layout_diamond_mine, basic_altar, serial_shops, nicolae_shop_trees,
          nicolae_volcano_entry_hallway, abandoned_shop
Orc:2:    kennysheep_orc_mage_school, layout_diamond_mine, basic_altar,
          special_room, serial_shops, shop_statue
Vaults:1: vaults_standard_mumra_enter_the_diamond,
          nicolae_vaults_ring_of_whatevers, hangedman_vaults_unwind,
          hangedman_vaults_cutoff, nicolae_vaults_murderbox, v_misc_18,
          nicolae_vaults_hallways_thing, hangedman_vaults_trim,
          grunt_vaults_funnel, nicolae_vaults_little_squares_6,
          vaults_dpeg_encased_lava, ontoclasm_vaults_ligature,
          layout_vaults_ring, serial_shops, shop_statue
Vaults:2: nicolae_vaults_ninety_degrees, nicolae_vaults_network_quinsquares
          [nicolae_vaults_network_quincunx_subvault,
          nicolae_vaults_network_quincunx_subvault,
          nicolae_vaults_network_quincunx_subvault,
          nicolae_vaults_network_quincunx_subvault], v_misc_5,
          ontoclasm_vaults_eye, hangedman_vaults_slither, st_cross, v_pattern_3,
          vaults_room_semicircle, grunt_vaults_diagonal, layout_vaults_omnibox
Vaults:3: infiniplex_enter_wizlab_glasses, hellmonk_guarded_unrand_gong,
          vaults_standard_mumra_x, v_alt_pattern_6, vaults_mumra_chevron,
          minmay_crypt_entry_skeletal_spiral, vaults_room_ringed_pool,
          vaults_standard_mumra_enter_the_diamond, vaults_mumra_hexcomb,
          nicolae_vaults_mini_display_case, grunt_vaults_hallway_short,
          layout_vaults_big_room, serial_shops, shop, nicolae_shop_statue_plus,
          nicolae_shop_behind_doors
Vaults:4: hangedman_vaults_nodes, v_misc_3, v_misc_1, nicolae_vaults_what_the_h,
          grunt_vaults_twisty, v_misc_23, nicolae_vaults_yaktaur_gun_rack,
          layout_vaults_omnigrid

Notes
Turn   | Place    | Note
-------+----------+-------------------------------------------
     0 | D:1      | demibob the Minotaur Berserker began the quest for the Orb.
     0 | D:1      | Reached XP level 1. HP: 19/19 MP: 0/0
    72 | D:1      | Reached skill level 4 in Long Blades
   119 | D:1      | Reached XP level 2. HP: 23/26 MP: 1/1
   415 | D:1      | Reached skill level 5 in Long Blades
   545 | D:1      | Reached XP level 3. HP: 30/31 MP: 2/2
   615 | D:2      | Found Wisoip's Antique Weapon Shop.
   726 | D:2      | Reached ** piety under Trog
  1110 | D:2      | Reached skill level 6 in Long Blades
  1110 | D:2      | Reached XP level 4. HP: 12/39 MP: 3/3
  1376 | D:2      | Found a faded altar of an unknown god.
  1639 | D:2      | Found a runed translucent door.
  1640 | D:2      | Identified the +0 hammer "Killer Bee's Doom" {spect, rPois
                  | rN+}
  1640 | D:2      | Noticed Crazy Yiuf
  1649 | D:2      | Killed Crazy Yiuf
  1650 | D:2      | Reached skill level 7 in Long Blades
  1650 | D:2      | Reached XP level 5. HP: 45/45 MP: 2/4
  1838 | D:3      | Noticed a +0 dagger
  1839 | D:3      | Found a hide-covered altar of Uskayaw.
  1840 | D:3      | Noticed a +0 dagger
  1867 | D:3      | Identified the +0 robe of Zuaxit {rPois Str+2}
  2018 | D:3      | Noticed an ice beast
  2029 | D:3      | Killed an ice beast
  2030 | D:3      | Reached skill level 8 in Long Blades
  2216 | D:3      | Reached XP level 6. HP: 45/51 MP: 5/5
  2312 | D:3      | Found a sacrificial altar of Ru.
  2332 | D:3      | Noticed Ijyb
  2342 | D:3      | Killed Ijyb
  2434 | D:3      | Found a shimmering altar of Xom.
  2458 | D:3      | Found a large runed translucent door.
  2458 | D:3      | Found a large runed translucent door.
  2486 | D:3      | Noticed necrobotica's ghost (weakling SpEn)
  2563 | D:3      | Gained mutation: Your mind is acute. (Int +4, Str/Dex -1)
                  | [potion of mutation]
  2563 | D:3      | Gained mutation: You occasionally lose the ability to read
                  | scrolls when taking damage. [potion of mutation]
  2568 | D:3      | Lost mutation: Your mind is acute. (Int +4, Str/Dex -1)
                  | [potion of mutation]
  2568 | D:3      | Lost mutation: You occasionally lose the ability to read
                  | scrolls when taking damage. [potion of mutation]
  2568 | D:3      | Gained mutation: You have a somewhat thin skeletal
                  | structure. (Dex +2, Stealth+) [potion of mutation]
  2568 | D:3      | Gained mutation: You are dopey. (Int -2) [potion of
                  | mutation]
  2568 | D:3      | Gained mutation: You have a pair of large horns on your
                  | head. [potion of mutation]
  2586 | D:3      | HP: 4/51 [orc/+0 club (3)]
  2866 | D:3      | Reached *** piety under Trog
  3217 | D:3      | Killed necrobotica's ghost
  3218 | D:3      | Reached skill level 9 in Long Blades
  3297 | D:4      | Reached XP level 7. HP: 57/57 MP: 6/6
  3309 | D:4      | Found a burning altar of Makhleb.
  3427 | D:4      | Reached skill level 10 in Long Blades
  3487 | D:4      | Found a transporter.
  3798 | D:4      | Found a snail-covered altar of Cheibriados.
  3929 | D:4      | Found a transporter.
  3929 | D:4      | Noticed Dodorex895's ghost (amateur HOFi)
  4287 | D:4      | Reached skill level 11 in Long Blades
  4602 | D:5      | Entered Level 5 of the Dungeon
  4729 | D:5      | Reached XP level 8. HP: 64/64 MP: 7/7
  4955 | D:5      | Found Eusawk's Eclectic Emporium.
  4966 | D:5      | Reached skill level 12 in Long Blades
  4986 | D:5      | Identified the +0 ring mail of Vanity {-Cast Regen+ Str+2}
  5025 | D:5      | Noticed Edmund
  5034 | D:5      | Killed Edmund
  5035 | D:5      | Reached skill level 4 in Fighting
  5035 | D:5      | Reached skill level 3 in Armour
  5170 | D:5      | Found a blossoming altar of Fedhas.
  5505 | D:5      | Reached skill level 4 in Armour
  5534 | D:5      | Reached skill level 5 in Fighting
  5724 | D:6      | Reached **** piety under Trog
  5833 | D:6      | Reached skill level 5 in Armour
  5867 | D:6      | Reached XP level 9. HP: 73/75 MP: 8/8
  5934 | D:6      | Reached skill level 6 in Fighting
  6002 | D:6      | Reached skill level 13 in Long Blades
  6155 | D:6      | Found a staircase to the Ecumenical Temple.
  6639 | D:7      | Found a broken altar of Ashenzari.
  6640 | D:7      | Found a radiant altar of Vehumet.
  6694 | D:7      | Reached skill level 6 in Armour
  6804 | D:7      | Identified the +8 falchion "Bung" {flame, rCorr Dex+5}
  7028 | D:7      | Reached skill level 7 in Fighting
  7242 | D:7      | Identified a scroll of acquirement
  7242 | D:7      | Acquired the ring "Ygocsigg" {rPois rF+ rCorr Dex+3}
  7397 | D:8      | Reached skill level 7 in Armour
  7541 | D:8      | Reached skill level 8 in Fighting
  8004 | D:9      | Reached skill level 14 in Long Blades
  8004 | D:9      | Reached XP level 10. HP: 86/89 MP: 9/9
  8009 | D:9      | Reached skill level 8 in Armour
  8013 | D:9      | Reached ***** piety under Trog
  8029 | D:9      | Reached skill level 9 in Fighting
  8099 | D:9      | Reached skill level 9 in Armour
  8333 | D:9      | Found an ornate altar of the Wu Jian Council.
  8446 | D:9      | Noticed a two-headed ogre
  8457 | D:9      | Killed a two-headed ogre
  8458 | D:9      | Reached skill level 10 in Fighting
  8458 | D:9      | Reached skill level 10 in Armour
  8593 | D:10     | Entered Level 10 of the Dungeon
  8623 | D:10     | Found Dubbipla's Weapon Boutique.
  8734 | D:10     | Reached XP level 11. HP: 54/101 MP: 4/10
  8738 | D:10     | Reached skill level 11 in Fighting
  9078 | D:10     | Found a staircase to the Orcish Mines.
  9121 | D:10     | Reached skill level 11 in Armour
  9273 | D:11     | Identified the +7 demon blade "Xoddinio" {flame, rPois rN+
                  | Int-2} (Trog gifted it to you on level 11 of the Dungeon)
  9273 | D:11     | Received a gift from Trog
  9356 | D:11     | Noticed a boulder beetle
  9375 | D:11     | Killed a boulder beetle
  9457 | D:11     | Found a staircase to the Lair.
  9695 | D:11     | Noticed a green ugly thing
  9713 | D:11     | Killed a green ugly thing
  9714 | D:11     | Reached skill level 15 in Long Blades
 10070 | D:11     | Noticed an ogre mage
 10077 | D:11     | Killed an ogre mage
 10078 | D:11     | Reached skill level 12 in Fighting
 10084 | D:11     | Noticed an eight-headed hydra
 10089 | D:11     | Killed a three-headed hydra
 10090 | D:11     | Reached skill level 12 in Armour
 10135 | D:11     | Noticed a yaktaur captain
 10136 | D:11     | Noticed a wolf spider
 10144 | D:11     | Killed a wolf spider
 10150 | D:11     | Killed a yaktaur captain
 10277 | D:11     | Identified the +1 shortbow of Karma {speed, rElec Will+
                  | rCorr}
 10278 | D:11     | Identified the +1 battleaxe of the Warrior-Mage {vamp,
                  | Will+ Dex-4 Stlth+}
 10343 | Lair:1   | Entered Level 1 of the Lair of Beasts
 10456 | Lair:1   | Reached XP level 12. HP: 110/113 MP: 9/11
 10492 | Lair:1   | Reached skill level 13 in Fighting
 10587 | Lair:1   | Reached skill level 16 in Long Blades
 10597 | Lair:1   | Reached skill level 13 in Armour
 10690 | Lair:1   | Noticed a catoblepas
 10701 | Lair:1   | Killed a catoblepas
 10887 | Lair:1   | Identified a potion of resistance
 11056 | Lair:1   | Reached ****** piety under Trog
 11526 | Lair:2   | Reached skill level 14 in Fighting
 11527 | Lair:2   | Noticed an eight-headed hydra
 11540 | Lair:2   | Killed a five-headed hydra
 11674 | Lair:2   | Noticed Prince Ribbit
 11675 | Lair:2   | Found a glowing silver altar of Zin.
 11693 | Lair:2   | Reached skill level 14 in Armour
 11702 | Lair:2   | Killed Prince Ribbit
 11708 | Lair:2   | Received a gift from Trog
 11711 | Lair:2   | Reached skill level 17 in Long Blades
 11916 | Lair:2   | Noticed Gastronok
 11926 | Lair:2   | Killed Gastronok
 12302 | Lair:2   | Found a staircase to the Snake Pit.
 12312 | Lair:2   | Reached XP level 13. HP: 125/125 MP: 12/12
 12614 | Lair:3   | Found a transporter.
 12616 | Lair:3   | Found a transporter.
 12675 | Lair:3   | Reached skill level 15 in Fighting
 12689 | Lair:3   | Reached skill level 15 in Armour
 12762 | Lair:3   | Found a staircase to the Shoals.
 13530 | Lair:4   | Received a gift from Trog
 13531 | Lair:4   | Reached skill level 18 in Long Blades
 13601 | Lair:4   | Identified the +2 ring mail of the Thistle {Str+2}
 14033 | Lair:5   | Entered Level 5 of the Lair of Beasts
 14177 | Lair:5   | Reached skill level 16 in Fighting
 14325 | Lair:5   | Found a staircase to the Slime Pits.
 14326 | Lair:5   | Found a viscous altar of Jiyva.
 14379 | Lair:5   | Reached skill level 16 in Armour
 14383 | Lair:5   | Found a runed translucent door.
 14658 | Lair:5   | Reached XP level 14. HP: 132/137 MP: 13/13
 14989 | Lair:5   | Reached skill level 19 in Long Blades
 15119 | Lair:5   | Found a corrupted altar of Lugonu.
 15119 | Lair:5   | Found a one-way gate to the infinite horrors of the Abyss.
 15136 | Lair:5   | Identified the +6 war axe "Siahuymud" {vamp, Str-4 Dex+3}
 15145 | Lair:5   | Identified the +9 sling of Eternity {drain, rElec rF+ Dex+3
                  | Stlth+}
 15304 | Lair:5   | Reached skill level 17 in Fighting
 15390 | Lair:5   | Noticed browni3141's ghost (journeyman HOGl)
 15421 | Lair:5   | Killed browni3141's ghost
 15423 | Lair:5   | Identified the ring of Huitsawn {rElec rPois}
 15425 | Lair:5   | Identified a +0 crystal plate armour
 15675 | Orc:1    | Entered Level 1 of the Orcish Mines
 15697 | Orc:1    | Found a burning altar of Makhleb.
 15793 | Orc:1    | Found Cisuic's General Store.
 15885 | Orc:2    | Entered Level 2 of the Orcish Mines
 15934 | Orc:2    | Found Tewah's Magic Scroll Shop.
 15961 | Orc:1    | Received a gift from Trog
 16018 | Orc:1    | Found a dark tunnel.
 16093 | Volcano  | Entered a volcano
 16145 | Volcano  | Reached skill level 17 in Armour
 16347 | Orc:2    | Found a staircase to the Elven Halls.
 16610 | Orc:2    | Found Qiobriow's Book Boutique.
 16639 | Orc:2    | Found a radiant altar of Vehumet.
 16650 | Orc:2    | Reached skill level 3 in Dodging
 16658 | Orc:2    | Found Rewk's Jewellery Boutique.
 16671 | Orc:2    | Found an ancient bone altar of Kikubaaqudgha.
 16720 | Orc:2    | Found Domi's Antique Weapon Shop.
 16787 | Orc:2    | Found Koun's Distillery.
 17003 | Orc:2    | Bought a potion of might for 56 gold pieces
 17003 | Orc:2    | Bought 2 potions of might for 112 gold pieces
 17003 | Orc:2    | Bought a potion of might for 56 gold pieces
 17003 | Orc:2    | Bought 2 potions of curing for 84 gold pieces
 17003 | Orc:2    | Bought a potion of curing for 42 gold pieces
 17257 | D:12     | Found Unoloafo's Pet Rocks.
 17286 | D:12     | Reached skill level 4 in Dodging
 17411 | D:12     | Noticed Sonja
 17420 | D:12     | Killed Sonja
 17468 | D:12     | Identified the +9 falchion "Vynimn" {elec, Fragile rF+
                  | rCorr Dex+4}
 18004 | D:12     | Reached skill level 1 in Evocations
 18027 | D:12     | Found Xiddy's Magic Scroll Shoppe.
 18035 | D:12     | Bought a scroll of enchant weapon for 90 gold pieces
 18035 | D:12     | Bought 3 scrolls of enchant armour for 270 gold pieces
 18232 | D:13     | Paralysed by a hornet for 2 turns
 18268 | D:13     | Reached XP level 15. HP: 142/149 MP: 14/14
 18332 | D:13     | Found Xarob's Antique Armour Emporium.
 18553 | D:13     | Reached skill level 5 in Dodging
 18574 | D:13     | Reached skill level 20 in Long Blades
 18578 | D:13     | Reached skill level 2 in Evocations
 18636 | D:13     | Received a gift from Trog
 18951 | D:14     | Found a frozen archway.
 18963 | IceCv    | Entered an ice cave
 18970 | IceCv    | Reached skill level 6 in Dodging
 18970 | IceCv    | Reached skill level 3 in Evocations
 19402 | IceCv    | Noticed a white draconian knight
 19420 | IceCv    | Killed a white draconian knight
 19572 | IceCv    | Identified a +3 leather armour of resistance
 19586 | IceCv    | Identified the ring "Etos" {Will- Str+6 Dex+6 Slay+3}
 19691 | IceCv    | Reached skill level 4 in Evocations
 20021 | D:14     | Reached skill level 7 in Dodging
 20211 | D:14     | Found a broken altar of Ashenzari.
 20257 | D:14     | Found a transporter.
 20261 | D:14     | Noticed olddryhag's ghost (journeyman DsGl)
 20273 | D:14     | Found a gate to the Vaults.
 20528 | D:14     | Reached skill level 5 in Evocations
 20832 | D:15     | Entered Level 15 of the Dungeon
 20899 | D:14     | Reached skill level 8 in Dodging
 20960 | D:15     | Paralysed by an orc sorcerer for 2 turns
 21112 | D:15     | Reached skill level 21 in Long Blades
 21138 | D:15     | Found a staircase to the Depths.
 21223 | D:15     | Reached skill level 6 in Evocations
 21484 | D:15     | Found a runed translucent gate.
 21485 | D:15     | Found a runed translucent gate.
 21486 | D:15     | Found a runed translucent gate.
 21511 | D:15     | Received a gift from Trog
 21763 | D:15     | Noticed bigduke15's ghost (adept TeCj)
 22163 | D:15     | Found an iron altar of Okawaru.
 22368 | D:15     | Reached skill level 9 in Dodging
 22566 | D:15     | Reached XP level 16. HP: 157/157 MP: 15/15
 22755 | Snake:1  | Entered Level 1 of the Snake Pit
 23378 | Snake:1  | Reached skill level 10 in Dodging
 24101 | Snake:2  | Noticed Donald
 24117 | Snake:2  | Killed Donald
 24245 | Snake:2  | Noticed Aizul
 24252 | Snake:2  | Reached skill level 22 in Long Blades
 24264 | Snake:2  | Killed Aizul
 24322 | Snake:2  | Reached skill level 11 in Dodging
 24621 | Snake:2  | Noticed Agnes
 24629 | Snake:2  | Killed Agnes
 24727 | Snake:2  | Received a gift from Trog
 25407 | Snake:3  | Found a transporter.
 25479 | Snake:3  | Reached skill level 12 in Dodging
 25999 | Snake:3  | Found a transporter.
 26434 | Snake:3  | Identified the +6 great mace of Vuckeme {heavy, *Corrode
                  | rElec Will+++ Int-4}
 26909 | Snake:4  | Entered Level 4 of the Snake Pit
 27409 | Snake:4  | Reached skill level 23 in Long Blades
 27470 | Snake:4  | Reached XP level 17. HP: 146/163 MP: 16/16
 27728 | Snake:4  | Reached skill level 13 in Dodging
 28125 | Snake:4  | Received a gift from Trog
 28496 | Snake:4  | Reached skill level 14 in Dodging
 28742 | Snake:4  | Got a serpentine rune of Zot
 29643 | Vaults:1 | Entered Level 1 of the Vaults
 29707 | Vaults:1 | Found Xiammia's General Store.
 29715 | Vaults:1 | Bought a scroll of blinking for 150 gold pieces
 29715 | Vaults:1 | Bought a scroll of blinking for 150 gold pieces
 29792 | Vaults:1 | Reached skill level 24 in Long Blades
 30281 | Vaults:1 | Received a gift from Trog
 30304 | Vaults:1 | You fall into a shaft and drop 1 floor!
 30322 | Vaults:2 | Reached skill level 15 in Dodging
 30341 | Vaults:2 | Reached skill level 18 in Fighting
 30728 | Vaults:1 | You are cast into the Abyss!
 30728 | Abyss:2  | Cast into level 2 of the Abyss (a wizard)
 30731 | Abyss:2  | Found a corrupted altar of Lugonu.
 30732 | Abyss:2  | Found a corrupted altar of Lugonu.
 30975 | Abyss:2  | Found a corrupted altar of Lugonu.
 31197 | Abyss:2  | Reached XP level 18. HP: 75/173 MP: 17/17
 31206 | Vaults:1 | You pass through the gate.
 31206 | Vaults:1 | Escaped the Abyss
 31408 | Vaults:1 | Received a gift from Trog
 31531 | Vaults:1 | Reached skill level 16 in Dodging
 31801 | Vaults:1 | Reached skill level 19 in Fighting
 32857 | Vaults:2 | Identified the +1 robe "Limnol" {rCorr}
 33133 | Vaults:2 | Reached skill level 17 in Dodging
 33230 | Vaults:2 | Reached skill level 20 in Fighting
 33249 | Vaults:2 | Received a gift from Trog
 34261 | Vaults:2 | Identified the +4 great mace "Nimuoso" {drain, Str+4 Int+3}
 34474 | Vaults:3 | Reached skill level 18 in Dodging
 34504 | Vaults:3 | Reached XP level 19. HP: 142/188 MP: 18/18
 34527 | Vaults:3 | Found a magical portal.
 34539 | WizLab   | Entered Iskenderun's Mystic Tower
 34651 | WizLab   | Reached skill level 21 in Fighting
 35231 | WizLab   | Identified a +1 robe of the Archmagi
 35403 | Vaults:3 | Received a gift from Trog
 35684 | Vaults:3 | Found Katusk's General Store.
 35687 | Vaults:3 | Bought a potion of heal wounds for 105 gold pieces
 36014 | Vaults:3 | Found a staircase to the Crypt.
 36096 | Vaults:3 | Found Ydoxuwukk's Armour Shop.
 36137 | Vaults:3 | Found Ejuezxol's Book Boutique.
 36255 | Vaults:3 | Found the +18 shield of the Gong {Loud rN+ Will+ rCorr
                  | EV-5}
 36313 | Vaults:3 | Reached skill level 7 in Evocations
 36373 | Vaults:3 | Received a gift from Trog
 36888 | Vaults:3 | Reached skill level 22 in Fighting
 37408 | Vaults:4 | Reached skill level 18 in Armour
 37410 | Vaults:4 | Reached skill level 8 in Evocations
 37759 | Vaults:4 | You are cast into the Abyss!
 37759 | Abyss:3  | Cast into level 3 of the Abyss (a wizard)
 37775 | Vaults:4 | You pass through the gate.
 37775 | Vaults:4 | Escaped the Abyss
 37867 | Vaults:4 | Received a gift from Trog
 38219 | Vaults:4 | Reached XP level 20. HP: 202/202 MP: 19/19
 39190 | Shoals:1 | Entered Level 1 of the Shoals
 39194 | Shoals:1 | Reached skill level 9 in Evocations
 39652 | Shoals:1 | Identified the +5 great sword of Equivalence {heavy, +Blink
                  | rC+ rCorr Str+2} (Trog gifted it to you on level 1 of the
                  | Shoals)
 39652 | Shoals:1 | Received a gift from Trog
 39706 | Shoals:1 | Noticed Frances
 39714 | Shoals:1 | Killed Frances
 40026 | Shoals:2 | Reached skill level 19 in Armour
 40045 | Shoals:2 | Reached skill level 23 in Fighting
 41155 | Shoals:3 | Noticed Ilsuiw
 41161 | Shoals:3 | Killed Ilsuiw
 41175 | Shoals:3 | HP: 16/203 [merfolk impaler/+4 trident of pain (5)]
 41177 | Shoals:3 | Slain by a merfolk

Vanquished Creatures
  Agnes (Snake:2)
  Frances (Shoals:1)
  Gastronok (Lair:2)
  3 sphinxes
  A tengu reaver (Vaults:2)
  2 nagarajas (Snake:2)
  A fire giant (Vaults:1)
  Donald (Snake:2)
  Ilsuiw (Shoals:3)
  A draconian knight (IceCv)
  The ghost of browni3141 the Warrior, a journeyman HOGl of Okawaru (Lair:5)
  10 vault wardens
  Aizul (Snake:2)
  A cacodemon (Abyss:2)
  16 ironbound preservers
  A draconian stormcaller (WizLab)
  A stone giant (Vaults:1)
  A war gargoyle (Vaults:3)
  7 very ugly things
  4 ironbound thunderhulks
  14 dire elephants
  A deep elf annihilator (Vaults:2)
  5 purple draconians (WizLab)
  4 white draconians (IceCv)
  2 statues (WizLab)
  An ettin (D:15)
  6 merfolk javelineers
  5 merfolk impalers
  3 yaktaur captains
  4 salamander tyrants
  8 great orbs of eyes
  10 vault guards
  A peacekeeper (Vaults:2)
  2 catoblepae
  7 hydras
  5 centaur warriors
  2 ogre magi
  9 anacondas
  An ice dragon (D:15)
  6 ironbound frosthearts
  A merfolk avatar (Shoals:2)
  9 naga warriors
  6 boulder beetles
  A dancing weapon (Volcano)
  2 two-headed ogres
  A tengu warrior (D:14)
  3 thrashing horrors (Lair:5)
  7 shock serpents
  4 death yaks (Lair:3)
  4 naga sharpshooters
  A shock serpent (shapeshifter) (D:13)
  6 skeletal warriors (Vaults:3)
  A sixfirhy (Abyss:2)
  8 salamander mystics
  A golden dragon zombie (Abyss:2)
  A death drake (shapeshifter) (Vaults:3)
  8 sea snakes
  48 deep trolls
  4 skysharks
  2 orc knights
  16 wizards
  2 tengu zombies
  3 naga ritualists
  11 ironbound convokers
  An orange crystal statue (IceCv)
  4 necromancers
  12 harpies
  2 harpies (shapeshifter)
  8 lindwurms (Vaults:2)
  9 orc sorcerers
  A wolf spider (D:11)
  4 mana vipers
  6 starcursed masses (Abyss:2)
  9 manticores
  3 fauns (Shoals:1)
  9 cyclopes
  23 salamanders
  43 ugly things
  A human zombie (Vaults:1)
  2 stone giant skeletons (Vaults:3)
  3 toenail golems (Volcano)
  5 merfolk sirens
  20 vault sentinels
  An ice statue (D:14)
  A frost giant skeleton (Vaults:1)
  A salamander (shapeshifter) (Lair:5)
  31 black mambas
  An elephant (D:11)
  8 human skeletons
  14 naga magi
  3 smoke demons (Lair:5)
  2 fire giant skeletons (Vaults:2)
  2 gargoyles (D:12)
  3 orange demons (Abyss:2)
  5 storm dragon simulacra (IceCv)
  2 elf skeletons
  4 guardian serpents
  A freezing wraith (Abyss:2)
  11 cane toads
  2 water nymphs (Shoals:2)
  3 rime drakes
  An unseen horror (shapeshifter) (D:14)
  3 ice devils (D:15)
  An unseen horror (Abyss:2)
  3 yaktaur skeletons (Vaults:3)
  13 komodo dragons
  12 tengu conjurers
  4 golden dragon simulacra (IceCv)
  7 trolls
  31 yaktaurs
  4 ancient zymes
  3 meliai (D:15)
  2 polar bears
  A hornet (shapeshifter) (D:13)
  Prince Ribbit (Lair:2)
  2 wolf spider simulacra (D:15)
  5 wind drakes
  14 merfolk
  A raiju (Abyss:2)
  30 blink frogs
  7 snapping turtles
  4 centaur simulacra
  6 water elementals
  45 slime creatures
  A wraith (D:10)
  A vampire (D:13)
  3 wyverns
  58 yaks
  11 basilisks
  A hog (shapeshifter) (D:15)
  2 wargs (Orc:2)
  16 vampire mosquitoes
  3 large abominations
  A steam dragon (D:7)
  An ogre zombie (Vaults:2)
  6 acid dragons
  Edmund (D:5)
  45 nagas
  16 water moccasins
  A glowing shapeshifter skeleton (Vaults:2)
  A sky beast (D:7)
  An ogre skeleton (Vaults:1)
  An ice beast (D:3)
  A meliai simulacrum (D:15)
  2 black bears
  10 orc warriors
  4 ice dragon simulacra (IceCv)
  8 ogres
  3 centaurs
  A phantom (D:4)
  5 wolves (Lair:1)
  6 kobold brigands
  2 gnoll sergeants
  2 scorpions
  17 bullfrogs
  3 necrophages
  10 small abominations
  7 wights (D:8)
  7 killer bees
  7 lindwurm simulacra (IceCv)
  4 electric eels (Snake:1)
  4 howler monkeys
  Crazy Yiuf (D:2)
  The ghost of necrobotica the Sneak, a weakling SpEn (D:3)
  2 jellies
  12 orc priests
  3 hounds
  An iron imp (D:4)
  33 orc wizards
  5 iguanas
  Ijyb (D:3)
  3 hell rats (Lair:2)
  8 gnolls
  6 river rats (Lair:2)
  13 adders
  2 shadow imps
  2 white imps
  An ufetubus (Abyss:2)
  3 worms
  3 dart slugs
  81 orcs
  5 bats
  9 endoplasms
  5 giant cockroaches
  6 goblins
  5 hobgoblins
  2 jackals (D:3)
  40 kobolds
  4 quokkas
  7 ball pythons
  3 frilled lizards (D:1)
  14 rats
1316 creatures vanquished.

Vanquished Creatures (collateral kills)
  A nagaraja (Snake:4)
  A draconian scorcher (WizLab)
  2 purple draconians (WizLab)
  A white draconian (IceCv)
  A statue (WizLab)
  A yaktaur captain (Vaults:2)
  A hydra (D:13)
  4 salamander tyrants (Snake:4)
  2 anacondas (Snake:4)
  A centaur warrior (D:13)
  2 boulder beetles (D:13)
  4 naga warriors
  Sonja (D:12)
  A naga ritualist (Snake:4)
  A deep elf pyromancer (D:13)
  A mana viper (Snake:4)
  An orc sorcerer (Orc:2)
  2 cyclopes (D:13)
  3 salamanders (Snake:4)
  2 smoke demons (Lair:5)
  A guardian serpent (Snake:4)
  A tengu conjurer (WizLab)
  A hellwing (Abyss:2)
  A meliai (D:13)
  A blink frog (Lair:5)
  4 starcursed masses (Abyss:2)
  2 wyverns
  A naga (Snake:3)
  A small abomination (Lair:5)
  2 killer bees (D:8)
  An orc wizard (Orc:2)
  An orc (Orc:2)
50 creatures vanquished.

Vanquished Creatures (others)
  A guardian serpent (Snake:4)
  A shadow (D:13)
  3 orc wizards
  2 fungi
  43 plants
  A withered plant (Lair:5)
51 creatures vanquished.

Grand Total: 1417 creatures vanquished

Table legend: (Time is in decaauts)
 A = Elapsed time spent in this place.
 B = Non-inter-level travel time spent in this place.
 C = Inter-level travel time spent in this place.
 D = Time resting spent in this place.
 E = Time spent auto-exploring this place.
 F = Levels seen in this place.
 G = Mean time per level.
                   A        B        C        D        E       F      G
               +--------+--------+--------+--------+--------+-----+--------+
         Total |  40358 |  38503 |   1855 |   6116 |  25253 |  38 | 1062.1 |
       Dungeon |  14915 |  14151 |    764 |   1535 |  10292 |  15 |  994.3 |
          Lair |   5518 |   5080 |    438 |    434 |   3662 |   5 | 1103.6 |
        Shoals |   2112 |   2053 |     59 |    245 |   1495 |   3 |  704.0 |
     Snake Pit |   6261 |   6095 |    166 |   1636 |   3471 |   4 | 1565.2 |
  Orcish Mines |   1277 |   1067 |    210 |      0 |    796 |   2 |  638.5 |
        Vaults |   7804 |   7588 |    216 |   1446 |   4892 |   4 | 1951.0 |
         Abyss |    497 |    497 |      0 |     95 |      0 |   2 |  248.5 |
      Ice Cave |    975 |    975 |      0 |     96 |    644 |   1 |  975.0 |
       Volcano |    166 |    166 |      0 |      0 |      0 |   1 |  166.0 |
        Wizlab |    829 |    829 |      0 |    626 |      0 |   1 |  829.0 |
               +--------+--------+--------+--------+--------+-----+--------+

Top non-repeatable levels by time:
Vaults:1: 2327 daAuts
 Snake:4: 2237 daAuts
 Snake:3: 1959 daAuts
Vaults:2: 1916 daAuts
Vaults:3: 1788 daAuts
Vaults:4: 1772 daAuts
     D:3: 1528 daAuts
  Lair:2: 1503 daAuts
  Lair:5: 1455 daAuts
    D:15: 1452 daAuts
     D:4: 1309 daAuts
Shoals:1: 1251 daAuts
    D:11: 1225 daAuts
    D:14: 1215 daAuts
     D:2: 1185 daAuts

Table legend:
 A = Non-vault XP
 B = Vault XP
 C = Vault XP percentage of total XP
 D = Non-vault monster count
 E = Vault monster count
 F = Vault count percentage of total count
                 A         B        C        D         E       F
            +---------+---------+-------+---------+---------+-------
      Total |  285955 |  239192 |  45.5 |     875 |     494 |  36.1
            +---------+---------+-------+---------+---------+-------
        D:1 |      38 |       3 |   7.3 |      22 |       2 |   8.3
        D:2 |     121 |      44 |  26.7 |      26 |       1 |   3.7
        D:3 |     135 |     234 |  63.4 |      29 |       6 |  17.1
        D:4 |     686 |      39 |   5.4 |      31 |       1 |   3.1
        D:5 |     352 |     762 |  68.4 |      11 |      11 |  50.0
        D:6 |     899 |       0 |   0.0 |      22 |       0 |   0.0
        D:7 |     658 |       0 |   0.0 |      10 |       0 |   0.0
        D:8 |    1241 |       0 |   0.0 |      21 |       0 |   0.0
        D:9 |    3579 |     194 |   5.1 |      35 |      13 |  27.1
       D:10 |    3167 |     500 |  13.6 |      17 |      32 |  65.3
       D:11 |    1556 |    5962 |  79.3 |      13 |      12 |  48.0
       D:12 |    4866 |    2016 |  29.3 |      21 |       5 |  19.2
       D:13 |    1855 |    7792 |  80.8 |       7 |      16 |  69.6
       D:14 |   13658 |    1351 |   9.0 |      29 |       2 |   6.5
       D:15 |    9302 |    6961 |  42.8 |      24 |      15 |  38.5
     Lair:1 |    7064 |    1547 |  18.0 |      27 |       8 |  22.9
     Lair:2 |    7121 |    3599 |  33.6 |      24 |      23 |  48.9
     Lair:3 |    8212 |    2895 |  26.1 |      24 |       4 |  14.3
     Lair:4 |    8270 |       0 |   0.0 |      30 |       0 |   0.0
     Lair:5 |   10695 |   12587 |  54.1 |      31 |      36 |  53.7
   Shoals:1 |   15116 |    1505 |   9.1 |      33 |       1 |   2.9
   Shoals:2 |    8209 |    9258 |  53.0 |      20 |      11 |  35.5
   Shoals:3 |    1883 |    1761 |  48.3 |       3 |       2 |  40.0
    Snake:1 |   18382 |    1959 |   9.6 |      41 |       4 |   8.9
    Snake:2 |   11504 |    4024 |  25.9 |      20 |       3 |  13.0
    Snake:3 |   12269 |    4936 |  28.7 |      24 |       9 |  27.3
    Snake:4 |   17677 |   28044 |  61.3 |      46 |      41 |  47.1
      Orc:1 |    1745 |       0 |   0.0 |      31 |       0 |   0.0
      Orc:2 |     720 |    6609 |  90.2 |       8 |      32 |  80.0
   Vaults:1 |   15816 |   20877 |  56.9 |      26 |      27 |  50.9
   Vaults:2 |   38215 |   32990 |  46.3 |      66 |      41 |  38.3
   Vaults:3 |   24603 |   24903 |  50.3 |      40 |      39 |  49.4
   Vaults:4 |   27931 |   23485 |  45.7 |      37 |      38 |  50.7
    Abyss:2 |    8410 |       0 |   0.0 |      26 |       0 |   0.0
      IceCv |       0 |   11110 | 100.0 |       0 |      27 | 100.0
    Volcano |       0 |    4979 | 100.0 |       0 |       8 | 100.0
     WizLab |       0 |   16266 | 100.0 |       0 |      24 | 100.0
            +---------+---------+-------+---------+---------+-------
